 Dungeon Crawl Stone Soup version 0.30-a0-1008-g30c9307041 (webtiles) character file.

Game seed: 5304462405563518197

197 Pimp the Trooper (level 5, -1/43 HPs)
             Began as a Barachi Fighter on Apr 5, 2023.
             Shot with an arrow by a centaur (6 damage)
             ... on level 5 of the Dungeon.
             The game lasted 00:05:11 (3213 turns).

Pimp the Trooper (Barachi Fighter)                  Turns: 3213, Time: 00:05:12

Health: -1/43      AC: 10    Str: 17    XL:     5   Next: 75%
Magic:  7/7        EV:  8    Int: 11    God:
Gold:   164        SH:  4    Dex: 11    Spells: 7/7 levels left

rFire   + . .      SeeInvis .    a - +0 long sword (spect)
rCold   . . .      Faith    .    c - +0 buckler
rNeg    . . .      Spirit   .    g - +0 chain mail
rPois   .          Reflect  .    (no helmet)
rElec   .          Rampage  .    q - +0 cloak
rCorr   .                        (no gloves)
Will    .....                    (no boots) Stlth
                                 (no amulet)
HPRegen 0.27/turn                f - ring of protection from fire
MPRegen 0.10/turn                (no ring)

@: slow
A: amphibious, slowness 1, strong legs 1, +LOS
a: Hop


You were on level 5 of the Dungeon.
You visited 1 branch of the dungeon, and saw 5 of its levels.

You collected 164 gold pieces.

Inventory:

Hand Weapons
 a - a +0 spectral long sword (weapon)
 o - a +0 sling
Armour
 b - a +0 scale mail
 c - a +0 buckler (worn)
 g - a +0 chain mail (worn)
 j - a +0 ring mail
 q - a +0 cloak (worn)
Jewellery
 f - a ring of protection from fire (left hand)
Scrolls
 h - a scroll of poison {unknown}
 i - 4 scrolls of teleportation
 k - 2 scrolls of magic mapping
Potions
 d - 2 potions of might
 e - a potion of resistance
 l - a potion of heal wounds {unknown}
 m - 2 potions of curing {unknown}
 n - 2 potions of magic {unknown}
 p - a potion of degeneration {unknown}
 r - a potion of berserk rage {unknown}
 s - a potion of invisibility {unknown}
 t - a potion of attraction {unknown}


   Skills:
 + Level 4.4 Fighting
 + Level 3.6 Long Blades
 + Level 4.4 Armour
 + Level 2.3 Dodging
 + Level 4.0 Shields
 + Level 1.7 Spellcasting


You had 7 spell levels left.
You didn't know any spells.
Your spell library contained the following spells:

 Spells                   Type           Power      Damage    Failure   Level
 Dazzling Flash           Conj/Hex       0%         N/A       100%        3
 Volatile Blastmotes      Fire/Tloc      0%         2d10      100%        3
 Iskenderun's Mystic Bla  Conj/Tloc      0%         2d3       100%        4
 Starburst                Conj/Fire      0%         6d3       100%        6


Dungeon Overview and Level Annotations

Branches:
Dungeon (4/15)
 Temple: D:4-7

Altars:
Vehumet
Wu Jian

Annotations:
D:5 Menkaure


Innate Abilities, Weirdness & Mutations

You are amphibious.
You cover ground slowly.
You can hop short distances.
You have an extended range of vision and can be seen from far away.


Message History

The shaft crumbles and collapses.
t - a grey potion You open the large door.
A two-headed ogre, an adder and Menkaure come into view.
The two-headed ogre shouts in stereo!
The adder hisses angrily.
Menkaure shouts!
You closely miss the adder. The adder bites you but does no damage.
You block the adder's attack.
You barely miss the adder. The adder bites you but does no damage.
The adder attacks as you move away! The adder barely misses you.
The adder bites you but does no damage. The adder attacks as you move away!
The adder bites you but does no damage. x2
Menkaure shouts, "Why can't you leave me to my rest?"
The two-headed ogre closely misses you.
The two-headed ogre hits you but does no damage.
Menkaure gestures wildly while chanting.
Menkaure seems to speed up.
You hit the two-headed ogre.
The two-headed ogre is lightly wounded.
Your +0 spectral long sword hits the two-headed ogre!
The two-headed ogre closely misses you.
The two-headed ogre hits you with a +0 giant spiked club!!
You hit the two-headed ogre.
The two-headed ogre is moderately wounded.
Your +0 spectral long sword hits the two-headed ogre but does no damage.
You closely miss the two-headed ogre.
The two-headed ogre is moderately wounded.
Your +0 spectral long sword hits the two-headed ogre but does no damage.
The two-headed ogre barely misses you.
The two-headed ogre hits you with a +0 giant spiked club!!
* * * LOW HITPOINT WARNING * * *
You hit the two-headed ogre.
The two-headed ogre is moderately wounded.
Your +0 spectral long sword hits the two-headed ogre.
The two-headed ogre barely misses you. x2
A centaur comes into view.
The centaur shouts!
The centaur wields a +0 shortbow.
The centaur shoots an arrow.
The arrow hits you.
You die...

#. #c #. #.
#. #. #.
##.####
#..@O§#
#...###S#
.....# #.#
.### #M# ####
#.######..
#....
##.#.......
M... #....#
##.#..##..##
#.⌠O.S'.#..##


You could see a two-headed ogre, a centaur and an adder.

Vanquished Creatures
  An iguana (D:4)
  An orc wizard (D:3)
  2 adders
  2 worms
  3 dart slugs
  14 orcs
  8 ball pythons
  10 bats
  8 endoplasms
  7 giant cockroaches
  4 goblins
  5 hobgoblins
  8 jackals
  2 quokkas
  4 frilled lizards
  7 kobolds
  6 rats
92 creatures vanquished.

Vanquished Creatures (others)
  4 toadstools (D:1)
4 creatures vanquished.

Grand Total: 96 creatures vanquished

Notes
Turn   | Place    | Note
-------+----------+-------------------------------------------
     0 | D:1      | Pimp the Barachi Fighter began the quest for the Orb.
     0 | D:1      | Reached XP level 1. HP: 18/18 MP: 1/1
   373 | D:1      | Reached XP level 2. HP: 22/25 MP: 2/2
   686 | D:1      | Reached XP level 3. HP: 27/30 MP: 3/3
  1022 | D:2      | Reached skill level 1 in Dodging
  1044 | D:2      | Reached skill level 1 in Spellcasting
  1066 | D:2      | Found a radiant altar of Vehumet.
  1265 | D:2      | Reached XP level 4. HP: 36/37 MP: 5/5
  2063 | D:3      | Found an ornate altar of the Wu Jian Council.
  2238 | D:3      | Reached XP level 5. HP: 42/42 MP: 7/7
  3179 | D:4      | You fall into a shaft and drop 1 floor!
  3179 | D:5      | Entered Level 5 of the Dungeon
  3196 | D:5      | Noticed a two-headed ogre
  3196 | D:5      | Noticed Menkaure
  3213 | D:5      | Noticed a centaur
  3213 | D:5      | Shot with an arrow by a centaur

Illustrated notes

Levels and vault maps discovered:
D:1:      ldierk_walled_garden_2, layout_loops_corners
D:2:      layout_rooms, basic_altar
D:3:      corexii_shack_village, layout_loops_ring,
          nicolae_wu_jian_immortal_techniques, hangedman_decor_points,
          st_stairs_5, minmay_quadrilaterals
D:4:      layout_loops_ring
D:5:      layout_rooms, fiery_altar_vehumet, minmay_temple_entry_junction_2,
          kennysheep_generic_room_3, uniq_menkaure

Skill      XL: |  1  2  3  4  5 |
---------------+----------------+-----
Dodging        | 1 2 |  2.3
Long Blades    | 3 |  3.6
Armour         | 4 |  4.4
Spellcasting   | 1 |  1.7
Fighting       | 4 |  4.4
Shields        | 4 |  4.0

Action                     |  1- 3 |  4- 6 || total
---------------------------+-------+-------++-------
  Melee: Long sword        |   128 |   184 ||   312
    Use: Scroll            |       |     5 ||     5
 Armour: Scale mail        |   111 |    79 ||   190
         Chain mail        |       |    25 ||    25
  Dodge: Dodged            |   101 |   105 ||   206
  Block: Buckler           |    42 |    49 ||    91

Table legend: (Time is in decaauts)
 A = Elapsed time spent in this place.
 B = Non-inter-level travel time spent in this place.
 C = Inter-level travel time spent in this place.
 D = Time resting spent in this place.
 E = Time spent auto-exploring this place.
 F = Levels seen in this place.
 G = Mean time per level.
                   A        B        C        D        E       F      G
               +--------+--------+--------+--------+--------+-----+--------+
         Total |   3770 |   3607 |    163 |    286 |   2395 |   5 |  754.0 |
       Dungeon |   3770 |   3607 |    163 |    286 |   2395 |   5 |  754.0 |
               +--------+--------+--------+--------+--------+-----+--------+

Top non-repeatable levels by time:
     D:3: 1297 daAuts
     D:1: 1165 daAuts
     D:2: 656 daAuts
     D:4: 610 daAuts
     D:5: 40 daAuts
